 Dungeon Crawl Stone Soup version 0.31-a0-182-gc5ef74bbde (webtiles) character file.

Game seed: 5417844572256147662

27 avis the Caller (level 2, -6/11 HPs)
             Began as a Felid Summoner on June 21, 2023.
             Succumbed to a gnoll's poison
             ... on level 1 of the Dungeon.
             The game lasted 00:04:33 (1203 turns).

avis the Caller (Felid Summoner)                    Turns: 1203, Time: 00:04:34

Health: -6/11      AC:  1    Str:  4    XL:     2   Next: 93%
Magic:  6/6        EV: 18    Int: 16    God:
Gold:   46         SH:  0    Dex: 16    Spells: 2/5 levels left
                                        Lives:  0   Deaths: 0

rFire   . . .        (weapon unavailable)
rCold   . . .        (shield unavailable)
rNeg    . . .        (body armour unavailable)
rPois   .            (helmet unavailable)
rElec   .            (cloak unavailable)
rCorr   .            (gloves unavailable)
SInv    +            (boots unavailable)
Will    .....        (no amulet)
Stlth   ++           (no ring)
HPRegen 0.21/turn    (no ring)
MPRegen 0.10/turn

%: no passive effects
@: lethally poisoned (-6 -> -26), quick
A: very small, claws 1, fangs 3, see invisible, speed 1, shaggy fur 1, stealthy
paws, no weapons or thrown items, no armour, multi-lived
a: no special abilities


You were on level 1 of the Dungeon.
You visited 1 branch of the dungeon, and saw 2 of its levels.

You collected 46 gold pieces.

Inventory:

Jewellery
 b - an amulet of faith
Scrolls
 e - a scroll of identify {unknown}
 g - a scroll of immolation {unknown}
 i - a scroll of fog {unknown}
Potions
 a - a potion of magic
 c - a potion of attraction {unknown}
 d - a potion of ambrosia {unknown}
 f - a potion of degeneration {unknown}
 h - a potion of curing {unknown}


   Skills:
 + Level 3.2 Dodging
 + Level 3.4 Stealth
 + Level 2.3 Spellcasting
 + Level 4.2 Summonings


You had 2 spell levels left.
You knew the following spells:

 Your Spells              Type           Power      Damage    Failure   Level
a - Summon Small Mammal   Summ           60%        N/A       3%          1
c - Call Imp              Summ           30%        N/A       5%          2

Your spell library contained the following spells:

 Spells                   Type           Power      Damage    Failure   Level
 Call Canine Familiar     Summ           15%        N/A       11%         3
 Summon Guardian Golem    Hex/Summ       8%         N/A       26%         3
 Summon Lightning Spire   Summ/Air       8%         N/A       63%         4


Dungeon Overview and Level Annotations

Branches:
Dungeon (2/15)

Altars:


Innate Abilities, Weirdness & Mutations

You have sharp claws.
You have razor-sharp teeth.
You have supernaturally acute eyesight. (SInv)
You cover ground quickly. (Speed+)
You are covered in fur. (AC +1)
Your paws help you pounce on unaware monsters.
You are incapable of wielding weapons or throwing items.
You cannot wear armour.
You gain extra lives every three experience levels.


Message History

The gnoll hits your bat with a +0 flail!
Your bat dies!
Your bat's corpse disappears in a puff of smoke!
Your cerulean imp hits the gnoll with a -3 spear.
Your quokka bites the gnoll.
The gnoll hits your cerulean imp with a +0 flail!
Your cerulean imp barely misses the gnoll.
Casting: Summon Small Mammal (safe; 3% risk of failure)
Confirm with . or Enter, or press ? or * to list all spells.
Your quokka bites the gnoll.
The gnoll closely misses your cerulean imp.
Your cerulean imp barely misses the gnoll.
Your quokka completely misses the gnoll.
The gnoll hits your cerulean imp with a +0 flail!
Your cerulean imp dies!
Your cerulean imp disappears in a puff of smoke!
Your quokka barely misses the gnoll.
Your quokka bites the gnoll.
The gnoll dies!
You swap places.
You see here a +0 flail.
There is a stone staircase leading down here.
You start resting.
Your quokka disappears in a puff of smoke!
HP restored.
You start resting.
Your quokka disappears in a puff of smoke!
Magic restored.
You climb downwards.
A bat comes into view.
A giant cockroach comes into view.
The gnoll hits you with a +0 whip of venom.
You are lethally poisoned!
There is a stone staircase leading up here.
You feel very sick.
The gnoll hits you with a +0 whip of venom.
* * * LOW HITPOINT WARNING * * *
You are more poisoned.
You climb upwards.
Ouch! That really hurt!
You die...

..#...##.......#.#.....# #.#.#
..###.##.........#.##### #.#.#
..# #.#########..#.# #.#.# ###
#........##..#.##########.#
####....###.##..#............#
#.......# #.##..##############
#.......# #.....# #.......#
####)g# #....#### ##@# #....#
### ##....# ......# .###### .#
## # #


You could see a gnoll.

Vanquished Creatures
  A ball python (D:1)
  A hobgoblin (D:1)
  A bat (D:1)
  A frilled lizard (D:1)
4 creatures vanquished.

Vanquished Creatures (collateral kills)
  A gnoll (D:1)
  A dart slug (D:1)
  2 endoplasms (D:1)
  A kobold (D:1)
  3 ball pythons (D:1)
  2 bats (D:1)
  2 rats (D:1)
12 creatures vanquished.

Grand Total: 16 creatures vanquished

Notes
Turn   | Place    | Note
-------+----------+-------------------------------------------
     0 | D:1      | avis the Felid Summoner began the quest for the Orb.
     0 | D:1      | Reached XP level 1. HP: 7/7 MP: 4/4
   344 | D:1      | Reached XP level 2. HP: 11/11 MP: 3/6
   347 | D:1      | Learned a level 2 spell: Call Imp
  1203 | D:1      | Succumbed to a gnoll's poison

Illustrated notes

Levels and vault maps discovered:
D:1:      lightli_arrival_farm, layout_basic, hex_large
D:2:      layout_basic, minivault_4, minmay_tetromino_l2

Skill      XL: |  1 |
---------------+----+-----
Stealth        | 3 |  3.4
Dodging        | 3 |  3.2
Spellcasting   | |  2.3
Summonings     | |  4.2

Action                     || total
---------------------------++-------
  Melee: Unarmed           ||    10
         Bite              ||     1
   Cast: Summon Small Mamm ||    21
         Call Imp          ||     4
   Stab: Sleeping          ||     2
 Armour: Skin              ||     2
  Dodge: Dodged            ||    18

Table legend: (Time is in decaauts)
 A = Elapsed time spent in this place.
 B = Non-inter-level travel time spent in this place.
 C = Inter-level travel time spent in this place.
 D = Time resting spent in this place.
 E = Time spent auto-exploring this place.
 F = Levels seen in this place.
 G = Mean time per level.
                   A        B        C        D        E       F      G
               +--------+--------+--------+--------+--------+-----+--------+
         Total |   1054 |    967 |     87 |    113 |    647 |   2 |  527.0 |
       Dungeon |   1054 |    967 |     87 |    113 |    647 |   2 |  527.0 |
               +--------+--------+--------+--------+--------+-----+--------+

Top non-repeatable levels by time:
     D:1: 1025 daAuts
     D:2: 29 daAuts
